 Dungeon Crawl Stone Soup version 0.24.0 (webtiles) character file.

Game seed: 15243136952141283106, levelgen mode: deterministic

39 GroovyGamera the Chopper (level 3, -1/27 HPs)
             Began as a Demonspawn Gladiator on June 13, 2020.
             Slain by Sigmund
             ... wielding a +0 scythe
              (4 damage)
             ... on level 2 of the Dungeon.
             The game lasted 00:10:08 (1102 turns).

GroovyGamera the Chopper (Demonspawn Gladiator)     Turns: 1102, Time: 00:10:09

Health: -1/27      AC:  6    Str: 15    XL:     3   Next: 26%
Magic:  3/3        EV: 12    Int:  9    God:
Gold:   138        SH:  0    Dex: 16    Spells: 2/2 levels left

rFire    + . .     SeeInvis .   a - +0 war axe
rCold    . . .     Gourm    .   (no shield)
rNeg     . . .     Faith    .   i - +0 ring mail
rPois    .         Spirit   .   c - +0 helmet
rElec    .         Reflect  .   (no cloak)
rCorr    .         Harm     .   (no gloves)
MR       .....                  (no boots)
Stlth    +.........             (no amulet)
HPRegen  0.09/turn              (no ring)
MPRegen  0.08/turn              (no ring)

@: no status effects
A: thin skeletal structure 1, fire resistance 1
a: no special abilities


You were on level 2 of the Dungeon.
You were hungry.

You visited 1 branch of the dungeon, and saw 2 of its levels.

You collected 138 gold pieces.

Inventory:

Hand Weapons
 a - a +0 war axe (weapon)
Missiles
 d - 3 throwing nets
 e - 95 stones
 h - 22 poisoned darts (quivered)
 k - 83 arrows
 o - 24 sling bullets
Armour
 c - a +0 helmet (worn)
 i - a +0 ring mail (worn)
 m - a +0 scale mail
Scrolls
 b - 2 scrolls of amnesia {unknown}
 j - a scroll of blinking {unknown}
 l - 2 scrolls of identify
 n - a scroll of enchant weapon {unknown}
 p - 2 scrolls of remove curse
Comestibles
 f - 5 rations
 g - 2 chunks of flesh


   Skills:
 + Level 2.1 Fighting
 + Level 3.5 Axes
 - Level 1.7 Throwing
 * Level 1.4 Armour
 - Level 2.6 Dodging


You had 2 spell levels left.
You didn't know any spells.
Your spell library was empty.

Dungeon Overview and Level Annotations

Branches:
Dungeon (2/15)

Altars:
Xom

Annotations:
D:2 1 runed translucent door, Crazy Yiuf, Sigmund


Innate Abilities, Weirdness & Mutations

You have a somewhat thin skeletal structure. (Dex +2, Stealth)
Your flesh is heat resistant. (rF+)


Message History

You barely miss something. Something hits you!
You barely miss something. Something hits you.
You slash something! Something hits you.
The kobold hits you but does no damage.
It was a potion of magic.
Magic courses through your body.
You hear some strange, mumbled words.
A puff of flame appears from out of thin air!
The puff of flame hits you. You resist.
* * * LOW HITPOINT WARNING * * *
The kobold closely misses you.
As you read the scroll labeled NIRUEGIMIL, it crumbles to dust.
It is a scroll of identify.
p - 2 scrolls of remove curse You hear some strange, mumbled words.
A puff of flame appears from out of thin air!
The puff of flame hits you. You resist.
* * * LOW HITPOINT WARNING * * *
The kobold misses you.
You closely miss something. You barely miss the kobold. Something hits you.
You die...

#.# #.# #.....# #.# #.# ###.###
##.#######.# ####.##########
#.......##.# #.............#
#..####.##.# #.##.########.# #..#
#.....####.##.## #.#
###..###..............# #.###
#........########K##..#######.#..
#.#..###># #<@{...............
#.#..# #.# ####.###.#.#########..
#.#..# #.# #....# #.#.# ###
#.#..###.# #.##.###.#..
#.#....#.###.##.....##K#
.....#.#.....######## .# .
..####.#.###.# .# ## ..# #.#.#
#.# .# ..## #รท#.# #.# .#


You could see a kobold.

Vanquished Creatures
  An ooze (D:1)
  A worm (D:2)
  2 dart slugs (D:1)
  An orc (D:2)
  3 goblins (D:1)
  5 hobgoblins
  2 kobolds (D:1)
  A ball python (D:1)
  5 bats
  2 frilled lizards (D:2)
  5 rats
28 creatures vanquished.

Notes
Turn   | Place    | Note
-------+----------+-------------------------------------------
     0 | D:1      | GroovyGamera the Demonspawn Gladiator began the quest for
                  | the Orb.
     0 | D:1      | Reached XP level 1. HP: 16/16 MP: 1/1
    10 | D:1      | Found a shimmering altar of Xom.
   201 | D:1      | Reached skill level 3 in Axes
   201 | D:1      | Gained mutation: You have a somewhat thin skeletal
                  | structure. (Dex +2, Stealth) [demonic ancestry]
   201 | D:1      | Reached XP level 2. HP: 22/22 MP: 2/2
   413 | D:1      | Reached skill level 1 in Armour
   818 | D:2      | Found a runed translucent door.
   819 | D:2      | Noticed Crazy Yiuf
   865 | D:2      | Gained mutation: Your flesh is heat resistant. (rF+)
                  | [demonic ancestry]
   865 | D:2      | Reached XP level 3. HP: 27/27 MP: 3/3
  1080 | D:2      | Noticed Sigmund
  1102 | D:2      | Slain by Sigmund

Levels and vault maps discovered:
D:1:      sevenhm_arrival_forest_fort_small_6, layout_basic
D:2:      layout_loops_ring, gammafunk_temple_overflow_statue,
          corexii_leaking_fountain, uniq_sigmund, uniq_crazy_yiuf_cottage
